Map: The Vermillion Problem

Players

Siliatra

  • Race: Protoss Protoss
  • Spawn Location: 11:00

Sindyr

  • Race: Terran Terran
  • League: Master

VOD

Have the link to the VOD?

Description

Time

  • Played on: Oct. 11, 2025, 9:15 a.m.
  • Length: 27:18
Show
View Real Time Build Order
Export as new Build Order

Siliatra Protoss 

Build Orders:  

Get SALT Encoding   

  12  0:02  Probe (Chrono Boost)  
  13  0:16  Probe (Chrono Boost)  
  14  0:27  Pylon  
  14  0:30  Probe (Chrono Boost)  
  15  0:52  Probe (Chrono Boost)  
  15  0:53  Gateway  
  16  1:06  Probe (Chrono Boost)  
  17  1:16  Assimilator  
  17  1:20  Probe (Chrono Boost)  
  17  1:27  Assimilator  
  18  1:34  Probe (Chrono Boost)  
  19  1:47  Probe (Chrono Boost)  
  19  1:48  Pylon  
  20  2:01  Probe (Chrono Boost)  
  21  2:11  Cybernetics Core  
  21  2:15  Probe (Chrono Boost)  
  22  2:29  Probe (Chrono Boost)  
  23  2:43  Probe (Chrono Boost)  
  24  2:57  Probe (Chrono Boost)  
  25  3:07  Robotics Facility  
  25  3:11  Probe (Chrono Boost)  
  25  3:19  Twilight Council  
  26  3:23  Forge  
  26  3:29  Probe (Chrono Boost)  
  27  3:43  Probe (Chrono Boost)  
  28  4:00  Probe (Chrono Boost)  
  29  4:14  Photon Cannon  
  29  4:19  Photon Cannon  
  29  4:22  Photon Cannon  
  29  4:34  Probe (Chrono Boost)  
  30  4:48  Probe (Chrono Boost)  
  30  4:49  Pylon  
  31  4:51  Pylon  
  31  4:53  Pylon  
  31  4:59  Pylon  
  31  5:14  Probe (Chrono Boost)  
  32  5:25  Gateway  
  32  5:28  Probe (Chrono Boost)  
  33  5:48  Probe (Chrono Boost)  
  34  6:02  Probe (Chrono Boost)  
  35  6:20  Probe (Chrono Boost)  
  36  6:30  Gateway  
  36  6:34  Gateway  
  36  6:38  Pylon  
  36  6:39  Pylon  
  36  6:41  Protoss Ground Weapons Level 1  
  36  6:42  Pylon  
  31  6:55  Probe (Chrono Boost)  
  32  7:02  Warp Gate  
  32  7:09  Pylon  
  32  7:11  Probe (Chrono Boost)  
  32  7:17  Gateway  
  33  7:22  Forge  
  33  7:28  Probe (Chrono Boost)  
  34  7:45  Probe (Chrono Boost)  
  35  8:06  Psionic Projection  
  35  8:08  Protoss Ground Armor Level 1  
  34  8:17  Adept  
  34  8:18  Adept x3  
  40  8:30  Probe (Chrono Boost)  
  40  8:47  Probe (Chrono Boost)  
  41  9:04  Probe (Chrono Boost)  
  41  9:05  Adept x4  
  41  9:06  Adept  
  52  9:56  Nexus  
  52  9:58  Pylon  
  52  10:01  Pylon  
  52  10:16  Adept x2  
  56  10:26  Protoss Ground Weapons Level 2  
  56  10:33  Probe (Chrono Boost)  
  57  10:50  Probe (Chrono Boost)  
  57  10:59  Protoss Ground Armor Level 2  
  57  11:07  Probe (Chrono Boost)  
  58  11:24  Probe (Chrono Boost)  
  59  11:41  Probe (Chrono Boost)  
  59  12:06  Probe (Chrono Boost)  
  59  12:09  Probe (Chrono Boost)  
  61  12:20  Adept  
  61  12:21  Adept x4, Probe (Chrono Boost)  
  61  12:26  Probe (Chrono Boost)  
  72  12:38  Probe (Chrono Boost)  
  73  12:43  Probe (Chrono Boost)  
  74  12:55  Probe (Chrono Boost)  
  79  13:00  Probe (Chrono Boost)  
  77  13:12  Probe (Chrono Boost)  
  77  13:16  Probe (Chrono Boost)  
  78  13:28  Protoss Ground Weapons Level 3  
  78  13:32  Protoss Ground Armor Level 3  
  80  14:00  Probe x2 (Chrono Boost)  
  80  14:08  Assimilator  
  80  14:11  Assimilator  
  80  14:17  Probe (Chrono Boost)  
  80  14:18  Adept x4  
  80  14:19  Adept  
  91  14:34  Probe x2 (Chrono Boost)  
  93  14:42  Pylon  
  93  14:44  Talis' A.I. Personality  
  94  14:51  Probe (Chrono Boost)  
  94  14:54  Gateway  
  94  14:56  Gateway  
  94  14:58  Gateway  
  94  15:01  Gateway  
  94  15:05  Pylon x2  
  86  16:10  Adept x4  
  86  16:11  Adept  
  86  16:15  Probe (Chrono Boost)  
  97  16:29  Conservator x2  
  101  16:30  Conservator  
  101  16:32  Probe (Chrono Boost)  
  101  16:38  Protoss Shields Level 1  
  104  16:49  Probe (Chrono Boost)  
  105  16:56  Adept x3  
  105  16:57  Adept x3  
  117  17:06  Probe (Chrono Boost)  
  118  17:15  Pylon x2  
  118  17:18  Pylon  
  118  17:22  Pylon x2  
  118  17:23  Probe (Chrono Boost)  
  118  17:25  Pylon  
  118  17:26  Pylon  
  118  17:28  Pylon  
  119  17:31  Pylon x2  
  119  17:36  Adept  
  119  17:37  Adept x4  
  119  17:38  Adept x3  
  119  17:39  Adept  
  137  17:58  Gateway  
  137  18:00  Gateway  
  137  18:20  Adept x4  
  137  18:21  Adept x2  
  149  18:30  Conservator x3  
  155  19:12  Protoss Shields Level 2  
  153  19:41  Adept x2  
  153  19:42  Adept x4  
  153  19:43  Adept x3  
  153  19:44  Adept x2  
  93  20:31  Adept x4  
  93  20:32  Adept x3  
  93  20:33  Adept x4  
  113  21:24  Adept x2  
  113  21:25  Adept x4  
  113  21:26  Adept x4  
  113  21:27  Adept  
  135  21:37  Observer  
  134  21:43  Protoss Shields Level 3  
  134  22:03  Observer  
  135  22:11  Robotics Bay  
  135  22:28  Observer  
  135  22:37  Adept  
  135  22:38  Adept x4  
  135  22:39  Adept x5  
  156  22:40  Adept  
  158  23:25  Adept  
  158  23:26  Adept x4  
  158  23:27  Adept x4  
  158  23:28  Adept x2  
  159  24:51  Adept  
  159  24:52  Adept x5  
  159  24:53  Adept x4  
  159  24:54  Adept  
  181  25:09  Kaldalis' A.I. Personality  
  181  25:12  Charge  
  181  26:02  Adept x3  
  181  26:03  Adept x3  
  181  26:04  Legionnaire x2  
  199  26:34  Adept  
Show
View Real Time Build Order
Export as new Build Order

Sindyr Terran 

Build Orders:  

Get SALT Encoding   

  12  0:05  Starport Tech Lab  
  12  0:09  SCV  
  13  0:26  SCV  
  15  0:40  Supply Depot  
  15  0:43  SCV  
  15  1:11  Refinery  
  15  1:15  SCV  
  15  1:19  Assault Galleon  
  17  1:32  SCV  
  17  1:49  SCV  
  18  2:06  SCV  
  18  2:07  Supply Depot  
  20  2:23  SCV  
  20  2:29  Engineering Bay  
  20  2:39  Supply Depot  
  21  2:40  SCV  
  21  2:42  Assault Galleon  
  21  2:57  SCV  
  23  3:14  SCV  
  23  3:21  Armory  
  24  3:31  SCV  
  24  3:47  SCV  
  24  3:49  Engineering Bay  
  26  4:04  SCV  
  26  4:09  Engineering Bay  
  26  4:30  Refinery, Jetpack Overdrive  
  26  4:49  LE9 Cluster Charges  
  26  5:36  Reaper x2  
  28  5:42  Horner Weapons Level 1  
  28  5:46  Reaper x2  
  30  5:56  Reaper x2  
  32  6:06  Reaper x2  
  34  6:16  Reaper x2  
  35  6:39  SCV  
  36  6:43  Strike Fighter Platform  
  36  6:49  Executioner Missiles  
  38  6:56  SCV  
  40  7:11  Black Market Launchers  
  40  7:13  SCV  
  40  7:16  Immolation Fluid  
  41  7:30  SCV  
  41  7:36  Fusion Core  
  41  7:47  SCV  
  38  8:02  Hellbat x2  
  42  8:12  Hellbat x2  
  46  8:22  Hellbat x2, Horner Armor Level 1  
  50  8:32  Hellbat x2  
  54  8:42  Hellbat x2  
  61  9:19  Drone Hangar  
  47  10:44  Assault Galleon  
  47  10:46  Assault Galleon  
  47  10:47  Assault Galleon  
  47  10:49  Assault Galleon  
  48  10:50  Assault Galleon  
  48  10:54  SCV  
  49  11:11  SCV  
  49  11:12  Overcharged Reactor  
  49  11:17  Tar Bombs  
  49  11:28  SCV  
  50  11:45  SCV  
  50  11:47  Aerosol Stim Emitters  
  58  12:02  SCV  
  58  12:11  Widow Mine x2  
  58  12:13  Drone Hangar x2  
  62  12:20  Wildfire Explosives  
  62  12:33  Widow Mine  
  62  12:39  Supply Depot  
  62  12:42  Supply Depot  
  62  12:45  Supply Depot  
  62  12:55  Widow Mine x2  
  68  13:10  Widow Mine x2  
  73  13:28  Drone Hangar  
  76  13:42  Drone Hangar  
  79  14:28  Command Center  
  79  14:32  Drone Hangar  
  79  14:42  Refinery  
  79  14:45  Reaper x2  
  79  14:46  Reaper x2  
  82  14:55  Reaper x2  
  82  14:56  Reaper x2  
  86  15:05  Reaper x3  
  86  15:06  Reaper  
  90  15:14  Reaper  
  90  15:15  Reaper x4  
  95  15:24  Reaper  
  95  15:25  Reaper x4  
  100  15:34  Reaper  
  101  15:44  Reaper  
  98  16:37  SCV  
  98  16:54  SCV  
  99  17:10  SCV  
  99  17:23  Supply Depot  
  99  17:26  Supply Depot  
  99  17:27  SCV  
  99  17:28  Supply Depot  
  99  17:29  Supply Depot  
  101  17:44  SCV  
  101  17:52  Refinery  
  101  17:54  Refinery  
  102  18:01  SCV  
  102  18:21  Horner Weapons Level 2  
  102  19:14  Armory  
  103  19:20  SCV  
  103  19:28  Reaper  
  104  19:37  SCV  
  104  19:54  SCV  
  62  20:32  Reaper x3  
  59  20:41  Reaper  
  59  20:42  Reaper x2  
  59  20:49  Sovereign Battlecruiser  
  70  20:52  Reaper  
  54  21:13  Reaper  
  55  21:23  Reaper  
  51  21:31  Horner Armor Level 2  
  51  21:33  Reaper  
  52  21:43  Reaper  
  52  21:53  Reaper  
  53  22:08  Command Center  
  51  22:19  Theia Raven  
  52  22:38  Horner Weapons Level 3  
  52  22:42  Assault Galleon  
  52  22:43  Assault Galleon  
  52  23:06  Reaper  
  53  23:15  Reaper  
  54  23:25  Reaper  
  55  23:35  Reaper  
  56  23:45  Assault Galleon, Reaper  
  56  23:48  Assault Galleon  
  57  23:55  Reaper  
  58  24:05  Widow Mine  
  61  24:11  SCV  
  67  24:20  Widow Mine  
  67  24:28  SCV  
  70  24:34  Drone Hangar x2  
  70  24:45  SCV  
  72  25:02  SCV  
  72  25:09  Refinery  
  66  25:14  Refinery  
  66  25:19  SCV  
  65  25:36  SCV  
  61  25:53  SCV  
  60  26:10  SCV  
  60  26:27  SCV  
  62  26:44  SCV  
Tags
 
Add a new tag
Caveats
  • Supply blocks, unpowered buildings, or Contaminate may cause inaccurate times.
  • Supply counts are checked every 10 seconds.